Workbook

Sheet 入力シート
C1: 貸 借 対 照 表 | H1: 損 益 計 算 書
C2: 資産の部 | E2: 負債の部 | H2: 科目 | J2: 金額
C3: 流動資産 | D3: =SUM(D4:D8) -> 1330 | E3: 流動負債 | F3: =SUM(F4:F8) -> 1600 | H3: 売上高 | K3: 10000
C4: 現金及び預金 | D4: 1000 | E4: 支払手形 | F4: 1000 | H4: 売上原価 | K4: 8000
C5: 売掛金 | D5: 200 | E5: 買掛金 | F5: 300 | H5: 売上総利益 | K5: =K3-K4 -> 2000
C6: 商品 | D6: 100 | E6: 短期借入金 | F6: 100 | H6: 販売費及び一般管理費 | K6: 1000
C7: 有価証券 | D7: 20 | E7: 未払金 | F7: 100 | H7: 営業利益 | K7: =K5-K6 -> 1000
C8: 未収金 | D8: 10 | E8: 未払法人税等 | F8: 100 | H8: 営業外収益
C9: 固定資産 | D9: =D10+D13+D15 -> 2100 | E9: 固定負債 | F9: =SUM(F10:F11) -> 1200 | H9: 受取利息 | J9: 10
C10: 有形固定資産 | D10: =SUM(D11:D12) -> 1300 | E10: 社債 | F10: 1000 | H10: 雑収入 | J10: 10 | K10: =SUM(J9:J10) -> 20
C11: 建物付属設備 | D11: 1000 | E11: 長期借入金 | F11: 200 | H11: 営業外費用
C12: 工具器具備品 | D12: 300 | E12: 純資産の部 | H12: 支払利息 | J12: 500 | K12: =SUM(J12) -> 500
C13: 無形固定資産 | D13: =SUM(D14) -> 200 | E13: 株主資本 | F13: =+D20-F3-F9 -> 1230 | H13: 経常利益 | K13: =K7+K10-K12 -> 520
C14: ソフトウェア | D14: 200 | E14: 資本金 | F14: 1000 | H14: 特別利益
C15: 投資その他の資産 | D15: =SUM(D16:D17) -> 600 | E15: 資本剰余金 | F15: 100 | H15: 貸倒引当金戻入 | J15: 10 | K15: =SUM(J15) -> 10
C16: 投資有価証券 | D16: 300 | E16: 利益剰余金 | F16: =+F13-F14-F15 -> 130 | H16: 特別損失
C17: 関係会社株式 | D17: 300 | H17: 固定資産売却損 | J17: 10 | K17: =SUM(J17) -> 10
C18: 繰延資産 | D18: =SUM(D19:D19) -> 100 | H18: 税引前当期純利益 | K18: =K13+K15-K17 -> 520
C19: 開業費 | D19: 100 | H19: 法人税及び住民税等
C20: 資産の部合計 | D20: =D3+D9+D18 -> 3530 | E20: 負債・純資産の部合計 | F20: =F3+F9+F13 -> 4030 | H20: 当期純利益 | K20: =K18-K19 -> 520
C22: ■ 収益性 | F22: 標準値 | H22: 前期指標 | I22: 当期指標 | J22: 前期推移
C23: A 売上利益率 | D23: = 当期純利益 ÷ 売上高 | F23: 0.2 | I23: =K20/K3 -> 0.052 | J23: =I23-H23 -> 0.052
C24: B 資産回転率 | D24: = 売上高 ÷ 総資産 | F24: 5 | I24: =K3/D20 -> 2.4813896 | J24: =I24-H24 -> 2.4813896
C25: C ROA（A×B） | D25: = 売上利益率 × 資産回転率 | F25: 0.01 | I25: =I23*I24 -> 0.12903226 | J25: =I25-H25 -> 0.12903226
C26: D 財務レバレッジ | D26: = 総資本 ÷ 自己資本 | F26: - | I26: =F20/F13 -> 3.2764228 | J26: =I26-H26 -> 3.2764228
C27: E ROE（C×D） | D27: = ROA × 財務レバレッジ | F27: 0.1 | I27: =I25*I26 -> 0.42276423 | J27: =I27-H27 -> 0.42276423
C28: ■ 安全性
C29: 流動比率 | D29: = 流動資産 ÷ 流動負債 | F29: 1.2 | I29: =D3/F3 -> 0.83125 | J29: =I29-H29 -> 0.83125
C30: 当座比率 | D30: = 当座資産 ÷ 流動負債 | F30: 1 | I30: =(D4+D5+D7)/F3 -> 0.7625 | J30: =I30-H30 -> 0.7625
C31: 固定比率 | D31: = 固定資産 ÷ 純資産 | F31: 0.7 | I31: =(D20-D3)/F13 -> 2.195122 | J31: =I31-H31 -> 2.195122
C32: 固定長期適合率 | D32: = 固定資産 ÷ 純資産 ＋ 固定負債 | F32: 1 | I32: =(D20-D3)/(F13+F9) -> 1.1111111 | J32: =I32-H32 -> 1.1111111
C33: 自己資本比率 | D33: = 純資産 ÷ 総資本 | F33: 0.3 | I33: =F13/F20 -> 0.30521092 | J33: =I33-H33 -> 0.30521092
C34: ■ 回転率・回転期間
C35: 売掛金回転率 | D35: = 売上高 ÷ 売掛金 | F35: - | I35: =K3/D5 -> 50 | J35: =I35-H35 -> 50
C36: 棚卸資産回転率 | D36: = 売上原価 ÷ 棚卸資産 | F36: - | I36: =K4/D6 -> 80 | J36: =I36-H36 -> 80
C37: 買掛金回転率 | D37: = 売上原価 ÷ 買掛金 | F37: - | I37: =K4/F5 -> 26.666667 | J37: =I37-H37 -> 26.666667
C38: 売掛金回転期間 | D38: = 売掛金 ÷ （ 売上高 ÷ 365 ） | F38: - | I38: =(D5/(K3/365)) -> 7.3 | J38: =I38-H38 -> 7.3
C39: 棚卸資産回転期間 | D39: = 棚卸資産 ÷ （ 売上原価 ÷ 365 ） | F39: - | I39: =(D6/(K4/365)) -> 4.5625 | J39: =I39-H39 -> 4.5625

Sheet 印刷シート
C1: 貸 借 対 照 表 | H1: 損 益 計 算 書
C2: 資産の部 | E2: 負債の部 | H2: 科目 | J2: 金額
C3: F流動資産 | D3: =SUM(D4:D8) -> 1330 | E3: G流動負債 | F3: =SUM(F4:F8) -> 1600 | H3: A売上高 | K3: =+入力シート!K3 -> 10000
C4: =+入力シート!C4 -> 現金及び預金 | D4: =+入力シート!D4 -> 1000 | E4: =+入力シート!E4 -> 支払手形 | F4: =+入力シート!F4 -> 1000 | H4: 売上原価 | K4: =+入力シート!K4 -> 8000
C5: =+入力シート!C5 -> 売掛金 | D5: =+入力シート!D5 -> 200 | E5: =+入力シート!E5 -> 買掛金 | F5: =+入力シート!F5 -> 300 | H5: 売上総利益 | K5: =K3-K4 -> 2000
C6: =+入力シート!C6 -> 商品 | D6: =+入力シート!D6 -> 100 | E6: =+入力シート!E6 -> 短期借入金 | F6: =+入力シート!F6 -> 100 | H6: 販売費及び一般管理費 | K6: =+入力シート!K6 -> 1000
C7: =+入力シート!C7 -> 有価証券 | D7: =+入力シート!D7 -> 20 | E7: =+入力シート!E7 -> 未払金 | F7: =+入力シート!F7 -> 100 | H7: 営業利益 | K7: =K5-K6 -> 1000
C8: =+入力シート!C8 -> 未収金 | D8: =+入力シート!D8 -> 10 | E8: =+入力シート!E8 -> 未払法人税等 | F8: =+入力シート!F8 -> 100 | H8: 営業外収益
C9: H固定資産 | D9: =D10+D13+D15 -> 2100 | E9: I固定負債 | F9: =SUM(F10:F11) -> 1200 | H9: =+入力シート!H9 -> 受取利息 | J9: =+入力シート!J9 -> 10
C10: =+入力シート!C10 -> 有形固定資産 | D10: =+入力シート!D10 -> 1300 | E10: =+入力シート!E10 -> 社債 | F10: =+入力シート!F10 -> 1000 | H10: =+入力シート!H10 -> 雑収入 | J10: =+入力シート!J10 -> 10 | K10: =SUM(J9:J10) -> 20
C11: =+入力シート!C11 -> 建物付属設備 | D11: =+入力シート!D11 -> 1000 | E11: =+入力シート!E11 -> 長期借入金 | F11: =+入力シート!F11 -> 200 | H11: 営業外費用
C12: =+入力シート!C12 -> 工具器具備品 | D12: =+入力シート!D12 -> 300 | E12: E純資産の部 | H12: =+入力シート!H12 -> 支払利息 | J12: =+入力シート!J12 -> 500
C13: 無形固定資産 | D13: =SUM(D14) -> 200 | E13: 株主資本 | F13: =+D20-F3-F9 -> 1230 | H13: 経常利益 | K13: =K7+K10-K12 -> 1020
C14: =+入力シート!C14 -> ソフトウェア | D14: =+入力シート!D14 -> 200 | E14: =+入力シート!E14 -> 資本金 | F14: =+入力シート!F14 -> 1000 | H14: 特別利益
C15: =+入力シート!C15 -> 投資その他の資産 | D15: =+入力シート!D15 -> 600 | E15: =+入力シート!E15 -> 資本剰余金 | F15: =+入力シート!F15 -> 100 | H15: =+入力シート!H15 -> 貸倒引当金戻入 | J15: =+入力シート!J15 -> 10 | K15: =SUM(J15) -> 10
C16: =+入力シート!C16 -> 投資有価証券 | D16: =+入力シート!D16 -> 300 | E16: =+入力シート!E16 -> 利益剰余金 | F16: =+入力シート!F16 -> 130 | H16: 特別損失
C17: =+入力シート!C17 -> 関係会社株式 | D17: =+入力シート!D17 -> 300 | H17: =+入力シート!H17 -> 固定資産売却損 | J17: =+入力シート!J17 -> 10 | K17: =SUM(J17) -> 10
C18: =+入力シート!C18 -> 繰延資産 | D18: =+入力シート!D18 -> 100 | H18: 税引前当期純利益 | K18: =K13+K15-K17 -> 1020
C19: =+入力シート!C19 -> 開業費 | D19: =+入力シート!D19 -> 100 | H19: =+入力シート!H19 -> 法人税及び住民税等 | K19: =+入力シート!K19 -> 0
C20: C資産の部合計 | D20: =D3+D9+D18 -> 3530 | E20: D負債・純資産の部合計 | F20: =F3+F9+F13 -> 4030 | H20: B当期純利益 | K20: =K18-K19 -> 1020
C22: ■ 収益性 | F22: 標準値 | H22: 前期指標 | I22: 当期指標 | J22: 前期推移
C23: ①売上利益率 | D23: = B当期純利益 ÷ A売上高 | F23: =+入力シート!F23 -> 0.2 | H23: =+入力シート!H23 -> 0 | I23: =K20/K3 -> 0.102 | J23: =I23-H23 -> 0.102
C24: ② 資産回転率 | D24: = A売上高 ÷ C総資産 | F24: =+入力シート!F24 -> 5 | H24: =+入力シート!H24 -> 0 | I24: =K3/D20 -> 2.4813896 | J24: =I24-H24 -> 2.4813896
C25: ③ROA（①×②） | D25: = 売上利益率 × 資産回転率 | F25: =+入力シート!F25 -> 0.01 | H25: =+入力シート!H25 -> 0 | I25: =I23*I24 -> 0.25310174 | J25: =I25-H25 -> 0.25310174
C26: ④財務レバレッジ | D26: = D総資本 ÷ E自己資本 | F26: =+入力シート!F26 -> - | H26: =+入力シート!H26 -> 0 | I26: =F20/F13 -> 3.2764228 | J26: =I26-H26 -> 3.2764228
C27: ⑤ROE（③×⑤） | D27: = ROA × 財務レバレッジ | F27: =+入力シート!F27 -> 0.1 | H27: =+入力シート!H27 -> 0 | I27: =I25*I26 -> 0.82926829 | J27: =I27-H27 -> 0.82926829
C28: ■ 安全性 | F28: 標準値 | H28: 前期指標 | I28: 当期指標 | J28: 前期推移
C29: 流動比率 | D29: = F流動資産 ÷ G流動負債 | F29: =+入力シート!F29 -> 1.2 | H29: =+入力シート!H29 -> 0 | I29: =D3/F3 -> 0.83125 | J29: =I29-H29 -> 0.83125
C30: 当座比率 | D30: = 当座資産 ÷ G流動負債 | F30: =+入力シート!F30 -> 1 | H30: =+入力シート!H30 -> 0 | I30: =(D4+D5+D7)/F3 -> 0.7625 | J30: =I30-H30 -> 0.7625
C31: 固定比率 | D31: = H固定資産 ÷ E純資産 | F31: =+入力シート!F31 -> 0.7 | H31: =+入力シート!H31 -> 0 | I31: =(D20-D3)/F13 -> 2.195122 | J31: =I31-H31 -> 2.195122
C32: 固定長期適合率 | D32: = H固定資産 ÷ E純資産 ＋ I固定負債 | F32: =+入力シート!F32 -> 1 | H32: =+入力シート!H32 -> 0 | I32: =(D20-D3)/(F13+F9) -> 1.1111111 | J32: =I32-H32 -> 1.1111111
C33: 自己資本比率 | D33: = E純資産 ÷ D総資本 | F33: =+入力シート!F33 -> 0.3 | H33: =+入力シート!H33 -> 0 | I33: =F13/F20 -> 0.30521092 | J33: =I33-H33 -> 0.30521092
C34: ■ 回転率・回転期間 | F34: 標準値 | H34: 前期指標 | I34: 当期指標 | J34: 前期推移
C35: 売掛金回転率 | D35: = 売上高 ÷ 売掛金 | F35: =+入力シート!F35 -> - | H35: =+入力シート!H35 -> 0 | I35: =K3/D5 -> 50 | J35: =I35-H35 -> 50
C36: 棚卸資産回転率 | D36: = 売上原価 ÷ 棚卸資産 | F36: =+入力シート!F36 -> - | H36: =+入力シート!H36 -> 0 | I36: =K4/D6 -> 80 | J36: =I36-H36 -> 80
C37: 買掛金回転率 | D37: = 売上原価 ÷ 買掛金 | F37: =+入力シート!F37 -> - | H37: =+入力シート!H37 -> 0 | I37: =K4/F5 -> 26.666667 | J37: =I37-H37 -> 26.666667
C38: 売掛金回転期間 | D38: = 売掛金 ÷ （ 売上高 ÷ 365 ） | F38: =+入力シート!F38 -> - | H38: =+入力シート!H38 -> 0 | I38: =(D5/(K3/365)) -> 7.3 | J38: =I38-H38 -> 7.3
C39: 棚卸資産回転期間 | D39: = 棚卸資産 ÷ （ 売上原価 ÷ 365 ） | F39: =+入力シート!F39 -> - | H39: =+入力シート!H39 -> 0 | I39: =(D6/(K4/365)) -> 4.5625 | J39: =I39-H39 -> 4.5625

Sheet 印刷シート (収益性と安全性のみ)
C1: 貸 借 対 照 表 | H1: 損 益 計 算 書
C2: 資産の部 | E2: 負債の部 | H2: 科目 | J2: 金額
C3: F流動資産 | D3: =SUM(D4:D8) -> 1330 | E3: G流動負債 | F3: =SUM(F4:F8) -> 1600 | H3: A売上高 | K3: =+入力シート!K3 -> 10000
C4: =+入力シート!C4 -> 現金及び預金 | D4: =+入力シート!D4 -> 1000 | E4: =+入力シート!E4 -> 支払手形 | F4: =+入力シート!F4 -> 1000 | H4: 売上原価 | K4: =+入力シート!K4 -> 8000
C5: =+入力シート!C5 -> 売掛金 | D5: =+入力シート!D5 -> 200 | E5: =+入力シート!E5 -> 買掛金 | F5: =+入力シート!F5 -> 300 | H5: 売上総利益 | K5: =K3-K4 -> 2000
C6: =+入力シート!C6 -> 商品 | D6: =+入力シート!D6 -> 100 | E6: =+入力シート!E6 -> 短期借入金 | F6: =+入力シート!F6 -> 100 | H6: 販売費及び一般管理費 | K6: =+入力シート!K6 -> 1000
C7: =+入力シート!C7 -> 有価証券 | D7: =+入力シート!D7 -> 20 | E7: =+入力シート!E7 -> 未払金 | F7: =+入力シート!F7 -> 100 | H7: 営業利益 | K7: =K5-K6 -> 1000
C8: =+入力シート!C8 -> 未収金 | D8: =+入力シート!D8 -> 10 | E8: =+入力シート!E8 -> 未払法人税等 | F8: =+入力シート!F8 -> 100 | H8: 営業外収益
C9: H固定資産 | D9: =D10+D13+D15 -> 2100 | E9: I固定負債 | F9: =SUM(F10:F11) -> 1200 | H9: =+入力シート!H9 -> 受取利息 | J9: =+入力シート!J9 -> 10
C10: =+入力シート!C10 -> 有形固定資産 | D10: =+入力シート!D10 -> 1300 | E10: =+入力シート!E10 -> 社債 | F10: =+入力シート!F10 -> 1000 | H10: =+入力シート!H10 -> 雑収入 | J10: =+入力シート!J10 -> 10 | K10: =SUM(J9:J10) -> 20
C11: =+入力シート!C11 -> 建物付属設備 | D11: =+入力シート!D11 -> 1000 | E11: =+入力シート!E11 -> 長期借入金 | F11: =+入力シート!F11 -> 200 | H11: 営業外費用
C12: =+入力シート!C12 -> 工具器具備品 | D12: =+入力シート!D12 -> 300 | E12: E純資産の部 | H12: =+入力シート!H12 -> 支払利息 | J12: =+入力シート!J12 -> 500
C13: 無形固定資産 | D13: =SUM(D14) -> 200 | E13: 株主資本 | F13: =+D20-F3-F9 -> 1230 | H13: 経常利益 | K13: =K7+K10-K12 -> 1020
C14: =+入力シート!C14 -> ソフトウェア | D14: =+入力シート!D14 -> 200 | E14: =+入力シート!E14 -> 資本金 | F14: =+入力シート!F14 -> 1000 | H14: 特別利益
C15: =+入力シート!C15 -> 投資その他の資産 | D15: =+入力シート!D15 -> 600 | E15: =+入力シート!E15 -> 資本剰余金 | F15: =+入力シート!F15 -> 100 | H15: =+入力シート!H15 -> 貸倒引当金戻入 | J15: =+入力シート!J15 -> 10 | K15: =SUM(J15) -> 10
C16: =+入力シート!C16 -> 投資有価証券 | D16: =+入力シート!D16 -> 300 | E16: =+入力シート!E16 -> 利益剰余金 | F16: =+入力シート!F16 -> 130 | H16: 特別損失
C17: =+入力シート!C17 -> 関係会社株式 | D17: =+入力シート!D17 -> 300 | H17: =+入力シート!H17 -> 固定資産売却損 | J17: =+入力シート!J17 -> 10 | K17: =SUM(J17) -> 10
C18: =+入力シート!C18 -> 繰延資産 | D18: =+入力シート!D18 -> 100 | H18: 税引前当期純利益 | K18: =K13+K15-K17 -> 1020
C19: =+入力シート!C19 -> 開業費 | D19: =+入力シート!D19 -> 100 | H19: =+入力シート!H19 -> 法人税及び住民税等 | K19: =+入力シート!K19 -> 0
C20: C資産の部合計 | D20: =D3+D9+D18 -> 3530 | E20: D負債・純資産の部合計 | F20: =F3+F9+F13 -> 4030 | H20: B当期純利益 | K20: =K18-K19 -> 1020
C22: ■ 収益性 | F22: 標準値 | H22: 前期指標 | I22: 当期指標 | J22: 前期推移
C23: ①売上利益率 | D23: = B当期純利益 ÷ A売上高 | F23: =+入力シート!F23 -> 0.2 | H23: =+入力シート!H23 -> 0 | I23: =K20/K3 -> 0.102 | J23: =I23-H23 -> 0.102
C24: ② 資産回転率 | D24: = A売上高 ÷ C総資産 | F24: =+入力シート!F24 -> 5 | H24: =+入力シート!H24 -> 0 | I24: =K3/D20 -> 2.4813896 | J24: =I24-H24 -> 2.4813896
C25: ③ROA（①×②） | D25: = 売上利益率 × 資産回転率 | F25: =+入力シート!F25 -> 0.01 | H25: =+入力シート!H25 -> 0 | I25: =I23*I24 -> 0.25310174 | J25: =I25-H25 -> 0.25310174
C26: ④財務レバレッジ | D26: = D総資本 ÷ E自己資本 | F26: =+入力シート!F26 -> - | H26: =+入力シート!H26 -> 0 | I26: =F20/F13 -> 3.2764228 | J26: =I26-H26 -> 3.2764228
C27: ⑤ROE（③×⑤） | D27: = ROA × 財務レバレッジ | F27: =+入力シート!F27 -> 0.1 | H27: =+入力シート!H27 -> 0 | I27: =I25*I26 -> 0.82926829 | J27: =I27-H27 -> 0.82926829
C28: ■ 安全性 | F28: 標準値 | H28: 前期指標 | I28: 当期指標 | J28: 前期推移
C29: 流動比率 | D29: = F流動資産 ÷ G流動負債 | F29: =+入力シート!F29 -> 1.2 | H29: =+入力シート!H29 -> 0 | I29: =D3/F3 -> 0.83125 | J29: =I29-H29 -> 0.83125
C30: 当座比率 | D30: = 当座資産 ÷ G流動負債 | F30: =+入力シート!F30 -> 1 | H30: =+入力シート!H30 -> 0 | I30: =(D4+D5+D7)/F3 -> 0.7625 | J30: =I30-H30 -> 0.7625
C31: 固定比率 | D31: = H固定資産 ÷ E純資産 | F31: =+入力シート!F31 -> 0.7 | H31: =+入力シート!H31 -> 0 | I31: =(D20-D3)/F13 -> 2.195122 | J31: =I31-H31 -> 2.195122
C32: 固定長期適合率 | D32: = H固定資産 ÷ E純資産 ＋ I固定負債 | F32: =+入力シート!F32 -> 1 | H32: =+入力シート!H32 -> 0 | I32: =(D20-D3)/(F13+F9) -> 1.1111111 | J32: =I32-H32 -> 1.1111111
C33: 自己資本比率 | D33: = E純資産 ÷ D総資本 | F33: =+入力シート!F33 -> 0.3 | H33: =+入力シート!H33 -> 0 | I33: =F13/F20 -> 0.30521092 | J33: =I33-H33 -> 0.30521092

Sheet 収益性分析学習用
C1: 貸 借 対 照 表 | H1: 損 益 計 算 書
C2: 資産の部 | E2: 負債の部 | H2: 科目 | J2: 金額
C3: F流動資産 | D3: =SUM(D4:D8) -> 1330 | E3: G流動負債 | F3: =SUM(F4:F8) -> 1600 | H3: A売上高 | K3: =+入力シート!K3 -> 10000
C4: =+入力シート!C4 -> 現金及び預金 | D4: =+入力シート!D4 -> 1000 | E4: =+入力シート!E4 -> 支払手形 | F4: =+入力シート!F4 -> 1000 | H4: 売上原価 | K4: =+入力シート!K4 -> 8000
C5: =+入力シート!C5 -> 売掛金 | D5: =+入力シート!D5 -> 200 | E5: =+入力シート!E5 -> 買掛金 | F5: =+入力シート!F5 -> 300 | H5: 売上総利益 | K5: =K3-K4 -> 2000
C6: =+入力シート!C6 -> 商品 | D6: =+入力シート!D6 -> 100 | E6: =+入力シート!E6 -> 短期借入金 | F6: =+入力シート!F6 -> 100 | H6: 販売費及び一般管理費 | K6: =+入力シート!K6 -> 1000
C7: =+入力シート!C7 -> 有価証券 | D7: =+入力シート!D7 -> 20 | E7: =+入力シート!E7 -> 未払金 | F7: =+入力シート!F7 -> 100 | H7: 営業利益 | K7: =K5-K6 -> 1000
C8: =+入力シート!C8 -> 未収金 | D8: =+入力シート!D8 -> 10 | E8: =+入力シート!E8 -> 未払法人税等 | F8: =+入力シート!F8 -> 100 | H8: 営業外収益
C9: H固定資産 | D9: =D10+D13+D15 -> 2100 | E9: I固定負債 | F9: =SUM(F10:F11) -> 1200 | H9: =+入力シート!H9 -> 受取利息 | J9: =+入力シート!J9 -> 10
C10: =+入力シート!C10 -> 有形固定資産 | D10: =+入力シート!D10 -> 1300 | E10: =+入力シート!E10 -> 社債 | F10: =+入力シート!F10 -> 1000 | H10: =+入力シート!H10 -> 雑収入 | J10: =+入力シート!J10 -> 10 | K10: =SUM(J9:J10) -> 20
C11: =+入力シート!C11 -> 建物付属設備 | D11: =+入力シート!D11 -> 1000 | E11: =+入力シート!E11 -> 長期借入金 | F11: =+入力シート!F11 -> 200 | H11: 営業外費用
C12: =+入力シート!C12 -> 工具器具備品 | D12: =+入力シート!D12 -> 300 | E12: E純資産の部 | H12: =+入力シート!H12 -> 支払利息 | J12: =+入力シート!J12 -> 500
C13: 無形固定資産 | D13: =SUM(D14) -> 200 | E13: 株主資本 | F13: =+D20-F3-F9 -> 1230 | H13: 経常利益 | K13: =K7+K10-K12 -> 1020
C14: =+入力シート!C14 -> ソフトウェア | D14: =+入力シート!D14 -> 200 | E14: =+入力シート!E14 -> 資本金 | F14: =+入力シート!F14 -> 1000 | H14: 特別利益
C15: =+入力シート!C15 -> 投資その他の資産 | D15: =+入力シート!D15 -> 600 | E15: =+入力シート!E15 -> 資本剰余金 | F15: =+入力シート!F15 -> 100 | H15: =+入力シート!H15 -> 貸倒引当金戻入 | J15: =+入力シート!J15 -> 10 | K15: =SUM(J15) -> 10
C16: =+入力シート!C16 -> 投資有価証券 | D16: =+入力シート!D16 -> 300 | E16: =+入力シート!E16 -> 利益剰余金 | F16: =+入力シート!F16 -> 130 | H16: 特別損失
C17: =+入力シート!C17 -> 関係会社株式 | D17: =+入力シート!D17 -> 300 | H17: =+入力シート!H17 -> 固定資産売却損 | J17: =+入力シート!J17 -> 10 | K17: =SUM(J17) -> 10
C18: =+入力シート!C18 -> 繰延資産 | D18: =+入力シート!D18 -> 100 | H18: 税引前当期純利益 | K18: =K13+K15-K17 -> 1020
C19: =+入力シート!C19 -> 開業費 | D19: =+入力シート!D19 -> 100 | H19: =+入力シート!H19 -> 法人税及び住民税等 | K19: =+入力シート!K19 -> 0
C20: C資産の部合計 | D20: =D3+D9+D18 -> 3530 | E20: D負債・純資産の部合計 | F20: =F3+F9+F13 -> 4030 | H20: B当期純利益 | K20: =K18-K19 -> 1020
C22: ■ 収益性 | F22: 標準値 | H22: 前期指標 | I22: 当期指標 | J22: 前期推移
C23: ①売上利益率 | D23: = B当期純利益 ÷ A売上高 | F23: =+入力シート!F23 -> 0.2 | H23: =+入力シート!H23 -> 0 | I23: =K20/K3 -> 0.102 | J23: =I23-H23 -> 0.102
C24: ② 資産回転率 | D24: = A売上高 ÷ C総資産 | F24: =+入力シート!F24 -> 5 | H24: =+入力シート!H24 -> 0 | I24: =K3/D20 -> 2.4813896 | J24: =I24-H24 -> 2.4813896
C25: ③ROA（①×②） | D25: = 売上利益率 × 資産回転率 | F25: =+入力シート!F25 -> 0.01 | H25: =+入力シート!H25 -> 0 | I25: =I23*I24 -> 0.25310174 | J25: =I25-H25 -> 0.25310174
C26: ④財務レバレッジ | D26: = D総資本 ÷ E自己資本 | F26: =+入力シート!F26 -> - | H26: =+入力シート!H26 -> 0 | I26: =F20/F13 -> 3.2764228 | J26: =I26-H26 -> 3.2764228
C27: ⑤ROE（③×⑤） | D27: = ROA × 財務レバレッジ | F27: =+入力シート!F27 -> 0.1 | H27: =+入力シート!H27 -> 0 | I27: =I25*I26 -> 0.82926829 | J27: =I27-H27 -> 0.82926829

Sheet 安全性分析学習用
C1: 貸 借 対 照 表 | H1: 損 益 計 算 書
C2: 資産の部 | E2: 負債の部 | H2: 科目 | J2: 金額
C3: F流動資産 | D3: =SUM(D4:D8) -> 1330 | E3: G流動負債 | F3: =SUM(F4:F8) -> 1600 | H3: A売上高 | K3: =+入力シート!K3 -> 10000
C4: =+入力シート!C4 -> 現金及び預金 | D4: =+入力シート!D4 -> 1000 | E4: =+入力シート!E4 -> 支払手形 | F4: =+入力シート!F4 -> 1000 | H4: 売上原価 | K4: =+入力シート!K4 -> 8000
C5: =+入力シート!C5 -> 売掛金 | D5: =+入力シート!D5 -> 200 | E5: =+入力シート!E5 -> 買掛金 | F5: =+入力シート!F5 -> 300 | H5: 売上総利益 | K5: =K3-K4 -> 2000
C6: =+入力シート!C6 -> 商品 | D6: =+入力シート!D6 -> 100 | E6: =+入力シート!E6 -> 短期借入金 | F6: =+入力シート!F6 -> 100 | H6: 販売費及び一般管理費 | K6: =+入力シート!K6 -> 1000
C7: =+入力シート!C7 -> 有価証券 | D7: =+入力シート!D7 -> 20 | E7: =+入力シート!E7 -> 未払金 | F7: =+入力シート!F7 -> 100 | H7: 営業利益 | K7: =K5-K6 -> 1000
C8: =+入力シート!C8 -> 未収金 | D8: =+入力シート!D8 -> 10 | E8: =+入力シート!E8 -> 未払法人税等 | F8: =+入力シート!F8 -> 100 | H8: 営業外収益
C9: H固定資産 | D9: =D10+D13+D15 -> 2100 | E9: I固定負債 | F9: =SUM(F10:F11) -> 1200 | H9: =+入力シート!H9 -> 受取利息 | J9: =+入力シート!J9 -> 10
C10: =+入力シート!C10 -> 有形固定資産 | D10: =+入力シート!D10 -> 1300 | E10: =+入力シート!E10 -> 社債 | F10: =+入力シート!F10 -> 1000 | H10: =+入力シート!H10 -> 雑収入 | J10: =+入力シート!J10 -> 10 | K10: =SUM(J9:J10) -> 20
C11: =+入力シート!C11 -> 建物付属設備 | D11: =+入力シート!D11 -> 1000 | E11: =+入力シート!E11 -> 長期借入金 | F11: =+入力シート!F11 -> 200 | H11: 営業外費用
C12: =+入力シート!C12 -> 工具器具備品 | D12: =+入力シート!D12 -> 300 | E12: E純資産の部 | H12: =+入力シート!H12 -> 支払利息 | J12: =+入力シート!J12 -> 500
C13: 無形固定資産 | D13: =SUM(D14) -> 200 | E13: 株主資本 | F13: =+D20-F3-F9 -> 1230 | H13: 経常利益 | K13: =K7+K10-K12 -> 1020
C14: =+入力シート!C14 -> ソフトウェア | D14: =+入力シート!D14 -> 200 | E14: =+入力シート!E14 -> 資本金 | F14: =+入力シート!F14 -> 1000 | H14: 特別利益
C15: =+入力シート!C15 -> 投資その他の資産 | D15: =+入力シート!D15 -> 600 | E15: =+入力シート!E15 -> 資本剰余金 | F15: =+入力シート!F15 -> 100 | H15: =+入力シート!H15 -> 貸倒引当金戻入 | J15: =+入力シート!J15 -> 10 | K15: =SUM(J15) -> 10
C16: =+入力シート!C16 -> 投資有価証券 | D16: =+入力シート!D16 -> 300 | E16: =+入力シート!E16 -> 利益剰余金 | F16: =+入力シート!F16 -> 130 | H16: 特別損失
C17: =+入力シート!C17 -> 関係会社株式 | D17: =+入力シート!D17 -> 300 | H17: =+入力シート!H17 -> 固定資産売却損 | J17: =+入力シート!J17 -> 10 | K17: =SUM(J17) -> 10
C18: =+入力シート!C18 -> 繰延資産 | D18: =+入力シート!D18 -> 100 | H18: 税引前当期純利益 | K18: =K13+K15-K17 -> 1020
C19: =+入力シート!C19 -> 開業費 | D19: =+入力シート!D19 -> 100 | H19: =+入力シート!H19 -> 法人税及び住民税等 | K19: =+入力シート!K19 -> 0
C20: C資産の部合計 | D20: =D3+D9+D18 -> 3530 | E20: D負債・純資産の部合計 | F20: =F3+F9+F13 -> 4030 | H20: B当期純利益 | K20: =K18-K19 -> 1020
C22: ■ 安全性 | F22: 標準値 | H22: 前期指標 | I22: 当期指標 | J22: 前期推移
C23: 流動比率 | D23: = F流動資産 ÷ G流動負債 | F23: =+入力シート!F29 -> 1.2 | H23: =+入力シート!H29 -> 0 | I23: =D3/F3 -> 0.83125 | J23: =I23-H23 -> 0.83125
C24: 当座比率 | D24: = J当座資産 ÷ G流動負債 | F24: =+入力シート!F30 -> 1 | H24: =+入力シート!H30 -> 0 | I24: =(D4+D5+D7)/F3 -> 0.7625 | J24: =I24-H24 -> 0.7625
C25: 固定比率 | D25: = H固定資産 ÷ E純資産 | F25: =+入力シート!F31 -> 0.7 | H25: =+入力シート!H31 -> 0 | I25: =(D20-D3)/F13 -> 2.195122 | J25: =I25-H25 -> 2.195122
C26: 固定長期適合率 | D26: = H固定資産 ÷ E純資産 ＋ I固定負債 | F26: =+入力シート!F32 -> 1 | H26: =+入力シート!H32 -> 0 | I26: =(D20-D3)/(F13+F9) -> 1.1111111 | J26: =I26-H26 -> 1.1111111
C27: 自己資本比率 | D27: = E純資産 ÷ D総資本 | F27: =+入力シート!F33 -> 0.3 | H27: =+入力シート!H33 -> 0 | I27: =F13/F20 -> 0.30521092 | J27: =I27-H27 -> 0.30521092
